Avalanche vs Ducks

Created - Saturday, October 17, 2015 at 02:10

Goals
1 2 3 OT1 SO T
Avalanche 3 0 0 0 1 4
Ducks 2 1 0 0 0 3
Shots
1 2 3 OT1 SO T
Avalanche 9 8 3 8 7 28
Ducks 12 8 10 2 7 32

1st period

1. Ducks , Tyler Bozak 2 (Johnny Boychuk) at 7:42 (PP)
2. Avalanche , Mikkel Boedker 2 (Bobby Ryan, Brad Stuart) at 11:34
3. Avalanche , Jason Zucker 2 (Ryan O'Reilly) at 13:56 (PP)
4. Avalanche , Mikkel Boedker 3 (Joffrey Lupul, Jason Zucker) at 15:45 (PP)
5. Ducks , Tyler Bozak 3 (Marc Staal, James Wisniewski) at 17:01 (PP)

Penalties :
Joffrey Lupul (Col) for High sticking (Minor) at 5:53, Anton Stralman (Ana) for Delaying the game (Minor) at 12:07, Blake Comeau (Ana) for Hooking (Minor) at 15:22, Jakub Kindl (Col) for Tripping (Minor) at 16:04, Nick Foligno (Ana) for Hooking (Minor) at 17:08

2nd period

6. Ducks , Anton Stralman 2 (Tyler Bozak, Johnny Boychuk) at 16:44 (PP)

Penalties :
Brad Richardson (Ana) for Tripping (Minor) at 2:10, Marc Staal (Ana) for Interference (Minor) at 5:50, Dan Hamhuis (Col) for Hooking (Minor) at 16:03

3rd period

No Goal

Penalties :
Anton Stralman (Ana) for Holding (Minor) at 11:23, Antoine Vermette (Ana) for Hooking (Minor) at 14:16, Scott Hartnell (Col) for High sticking (Minor) at 15:57, Scott Hartnell (Col) for Hooking (Minor) at 18:41

Overtime #1

No Goal

Penalties :
Nick Foligno (Ana) for Hooking (Minor) at 1:05

Shootout

Penalty Shot by Joffrey Lupul for Avalanche - Stopped by Jonathan Bernier
Penalty Shot by Nick Foligno for Ducks - Stopped by Eddie Lack
Penalty Shot by Ryan O'Reilly for Avalanche - Stopped by Jonathan Bernier
Penalty Shot by Patrick Kane for Ducks - Stopped by Eddie Lack
Penalty Shot by Mikkel Boedker for Avalanche - Stopped by Jonathan Bernier
Penalty Shot by Henrik Sedin for Ducks - Shot Misses the Net
Penalty Shot by Matt Moulson for Avalanche - Shot Misses the Net
Penalty Shot by Tyler Bozak for Ducks - Shot Misses the Net
Penalty Shot by Bobby Ryan for Avalanche - Stopped by Jonathan Bernier
Penalty Shot by Antoine Vermette for Ducks - Stopped by Eddie Lack
Penalty Shot by Valeri Nichushkin for Avalanche - Stopped by Jonathan Bernier
Penalty Shot by Nikita Kucherov for Ducks - Stopped by Eddie Lack
Penalty Shot by Brad Stuart for Avalanche - Goal!
Penalty Shot by Drew Miller for Ducks - Shot Misses the Net

Penalties :
No Penalty

Goalie Stats

Eddie Lack (Col), 29 saves from 32 shots - (0.906), W, 4-0-0, 65:00 minutes
Jonathan Bernier (Ana), 25 saves from 28 shots - (0.893), OTL, 3-0-1, 65:00 minutes

Players Stats for Avalanche

Player Name              G  A  P  +/- PIM S  H  SB GA TA FO     MP     PP MP  PK MP  
------------------------------------------------------------------------------------
Bobby Ryan               0  1  1   1  0   4  2  0  1  1  0/0    19:09   5:40   1:20 
Brad Stuart              0  1  1   0  0   1  1  5  0  1  0/0    27:54   4:16   5:12 
Clayton Stoner           0  0  0   0  0   0  0  0  0  0  0/0     0:58   0:58   0:00 
Dan Hamhuis              0  0  0   0  2   0  1  1  0  0  0/0    13:54   0:00   0:00 
Daniel Winnik            0  0  0   0  0   0  1  0  0  0  1/4     8:21   0:03   0:23 
David Rundblad           0  0  0   1  0   2  0  1  0  1  0/0    23:37   5:14   5:35 
Jakub Kindl              0  0  0   0  2   0  3  3  0  0  0/0    26:33   6:35   0:50 
Jason Zucker             1  1  2   0  0   4  3  1  4  1  1/3    22:32   6:35   2:21 
Joffrey Lupul            0  1  1   0  2   1  0  0  1  0  0/1    14:51   6:12   0:18 
Ladislav Smid            0  0  0   1  0   1  0  1  1  2  0/0    15:32   0:00   2:35 
Mark Scheifele           0  0  0   1  0   1  1  1  1  0  7/13   17:56   5:47   0:00 
Matt Moulson             0  0  0   0  0   1  0  2  0  1  0/2    11:50   0:00   0:00 
Mikkel Boedker           2  0  2   1  0   4  2  0  4  0  0/1    18:37   6:09   0:00 
Rickard Rakell           0  0  0   0  0   2  2  0  2  0  0/6    14:41   0:44   1:31 
Ryan O'Reilly            0  1  1   0  0   2  1  2  3  0  13/21  27:55   5:15   4:34 
Scott Hartnell           0  0  0   0  4   3  2  1  3  0  1/2    22:21   5:36   3:04 
Valeri Nichushkin        0  0  0   0  0   2  2  1  0  0  0/0    11:50   0:00   0:00 
Zach Redmond             0  0  0   0  0   0  0  2  0  0  0/0    13:55   0:00   0:00 

Players Stats for Ducks

Player Name              G  A  P  +/- PIM S  H  SB GA TA FO     MP     PP MP  PK MP  
------------------------------------------------------------------------------------
Andrew MacWilliam        0  0  0   0  0   2  3  0  0  0  0/0    11:22   0:00   0:00 
Antoine Vermette         0  0  0   0  2   2  1  2  1  0  4/4     8:55   0:12   1:46 
Anton Stralman           1  0  1  -1  4   3  1  1  0  0  0/0    27:28   3:04   6:00 
Blake Comeau             0  0  0   0  2   0  0  0  3  0  0/0     6:21   0:00   0:23 
Brad Richardson          0  0  0   0  2   1  0  2  0  0  0/0    12:28   0:00   0:00 
Brett Bellemore          0  0  0   0  0   0  0  0  0  0  0/0     0:00   0:00   0:00 
Drew Miller              0  0  0   0  0   2  0  1  0  1  1/3    15:58   0:00   3:47 
Henrik Sedin             0  0  0   0  0   2  0  0  2  0  4/10   15:05   2:26   3:17 
James Wisniewski         0  1  1   0  0   2  5  0  0  4  0/0    26:14   3:21   7:48 
Jean-Gabriel Pageau      0  0  0   0  0   2  0  0  2  0  6/9    12:01   0:00   0:00 
Johnny Boychuk           0  2  2  -1  0   1  2  1  0  4  0/0    30:23   3:04   8:53 
Jonathan Huberdeau       0  0  0  -1  0   2  2  0  1  1  1/1    17:07   3:47   0:00 
Marc Staal               0  1  1   0  2   3  2  2  0  0  0/0    16:05   2:34   0:00 
Matthew Carle            0  0  0   0  0   1  1  4  0  4  0/0    18:40   0:47   4:55 
Nick Foligno             0  0  0   0  4   0  1  2  0  1  5/13   25:11   2:38   4:58 
Nikita Kucherov          0  0  0  -1  0   2  3  0  2  1  2/2    17:58   3:47   0:00 
Patrick Kane             0  0  0   0  0   3  2  0  1  0  0/1    24:01   2:38   8:09 
Tyler Bozak              2  1  3  -1  0   4  0  0  1  0  7/10   20:24   3:47   3:17 

3 Stars

1 - Mikkel Boedker (Col)
2 - Tyler Bozak (Ana)
3 - Jason Zucker (Col)

Power Play

Avalanche - 2 on 8 Attempt(s) - 25.00%
Ducks - 3 on 5 Attempt(s) - 60.00%

Penalty Kill

Avalanche - 2 on 5 Attempt(s) - 40.00% - Score 0 goal in Penalty Kill
Ducks - 6 on 8 Attempt(s) - 75.00% - Score 0 goal in Penalty Kill

Team Stat

Avalanche - Hits : 21 - Faceoff Wins : 23 - Blocked Shots : 21 - Penalty Minutes : 10
Ducks - Hits : 23 - Faceoff Wins : 30 - Blocked Shots : 15 - Penalty Minutes : 16

Official

Referees : Unknown
Linesman : Unknown

Game Notes

Rickard Rakell is injured at 17:56 of 3rd period (Sprained Left Finger)

Finance

Level 1 -- Attendance: 4607 (76.78%) -- Ticket Income $437,665
Level 2 -- Attendance: 5000 (100.00%) -- Ticket Income $250,000
Level 3 -- Attendance: 1915 (95.75%) -- Ticket Income $57,450
Level 4 -- Attendance: 3788 (94.70%) -- Ticket Income $68,184
Luxury Box -- Attendance: 839 (83.90%) -- Ticket Income $155,215
Game was played at the Honda Center.
Total Attendance: 16149 (89.72%)
Total Ticket Income: $968,514
Other Income: $474,572
Total Income: $1,443,086

Avalanche

5 vs 5 Forward 
   Center                   Left Wing                Right Wing               Time % Phy DF OF 
 1 Ryan O'Reilly            Scott Hartnell           Jason Zucker             35     0   1  4  
 2 Mark Scheifele           Mikkel Boedker           Bobby Ryan               30     0   2  3  
 3 Daniel Winnik            Ryan O'Reilly            Joffrey Lupul            22     0   2  3  
 4 Rickard Rakell           Matt Moulson             Valeri Nichushkin        13     0   2  3  

5 vs 5 Defense 
   Defense                  Defense                                           Time % Phy DF OF 
 1 Brad Stuart              Jakub Kindl                                       35     1   2  2  
 2 Dan Hamhuis              Zach Redmond                                      30     1   2  2  
 3 David Rundblad           Ladislav Smid                                     22     1   2  2  
 4 Brad Stuart              Jakub Kindl                                       13     1   2  2  

PowerPlay Forward 
   Center                   Left Wing                Right Wing               Time % Phy DF OF 
 1 Ryan O'Reilly            Scott Hartnell           Bobby Ryan               60     0   1  4  
 2 Mark Scheifele           Mikkel Boedker           Joffrey Lupul            40     0   2  3  

PowerPlay Defense
   Defense                  Defense                                           Time % Phy DF OF 
 1 Jakub Kindl              Jason Zucker                                      60     0   1  4  
 2 Brad Stuart              David Rundblad                                    40     0   1  4  

Penalty Kill 4 Players Forward 
   Center                   Wing                     Time % Phy DF OF 
 1 Ryan O'Reilly            Scott Hartnell           60     1   2  2  
 2 Daniel Winnik            Jason Zucker             40     1   2  2  

Penalty Kill 4 Players Defense
   Defense                  Defense                  Time % Phy DF OF 
 1 Brad Stuart              David Rundblad           60     1   2  2  
 2 Ladislav Smid            Jakub Kindl              40     1   2  2  

Penalty Kill - 3 Players Forward 
   Forward                                           Time % Phy DF OF 
 1 Ryan O'Reilly                                     60     1   2  2  
 2 Scott Hartnell                                    40     1   2  2  

Penalty Kill - 3 Players Defense
   Defense                  Defense                  Time % Phy DF OF 
 1 Brad Stuart              Ladislav Smid            60     1   2  2  
 2 Dan Hamhuis              Jakub Kindl              40     1   2  2  

4 vs 4 Forward 
   Center                   Wing                     Time % Phy DF OF 
 1 Ryan O'Reilly            Scott Hartnell           60     1   2  2  
 2 Mark Scheifele           Jason Zucker             40     1   2  2  

4 vs 4 Defense
   Defense                  Defense                  Time % Phy DF OF 
 1 Brad Stuart              Jakub Kindl              60     1   2  2  
 2 David Rundblad           Ladislav Smid            40     1   2  2  

Last Minutes Offensive
   Center                   Left Wing                Right Wing               Defense                  Defense                  
   Ryan O'Reilly            Scott Hartnell           Bobby Ryan               Jason Zucker             Mikkel Boedker           

Last Minutes Defensive
   Center                   Left Wing                Right Wing               Defense                  Defense                  
   Ryan O'Reilly            Daniel Winnik            Mark Scheifele           Brad Stuart              Dan Hamhuis              

Goaltenders
Starting : Eddie Lack               
Backup : Jack Campbell            

Extra Forwards
Normal : Jason Zucker, Scott Hartnell, Mikkel Boedker - PP : Jason Zucker, Scott Hartnell - PK : Jason Zucker
Extra Defensemen
Normal : Jakub Kindl, David Rundblad, Zach Redmond - PP : Jakub Kindl - PK : Jakub Kindl, David Rundblad
Penalty Shots
Joffrey Lupul, Ryan O'Reilly, Rickard Rakell, Matt Moulson, Mikkel Boedker

Ducks

5 vs 5 Forward 
   Center                   Left Wing                Right Wing               Time % Phy DF OF 
 1 Henrik Sedin             Nick Foligno             Patrick Kane             36     1   2  2  
 2 Tyler Bozak              Jonathan Huberdeau       Nikita Kucherov          30     1   2  2  
 3 Antoine Vermette         Blake Comeau             Nick Foligno             21     1   2  2  
 4 Jean-Gabriel Pageau      Brad Richardson          Drew Miller              13     1   2  2  

5 vs 5 Defense 
   Defense                  Defense                                           Time % Phy DF OF 
 1 Johnny Boychuk           Anton Stralman                                    35     1   2  2  
 2 James Wisniewski         Marc Staal                                        30     1   2  2  
 3 Matthew Carle            Andrew MacWilliam                                 22     1   2  2  
 4 Johnny Boychuk           Anton Stralman                                    13     1   2  2  

PowerPlay Forward 
   Center                   Left Wing                Right Wing               Time % Phy DF OF 
 1 Henrik Sedin             Nick Foligno             Patrick Kane             60     1   2  2  
 2 Tyler Bozak              Jonathan Huberdeau       Nikita Kucherov          40     1   2  2  

PowerPlay Defense
   Defense                  Defense                                           Time % Phy DF OF 
 1 Johnny Boychuk           Anton Stralman                                    60     1   2  2  
 2 James Wisniewski         Marc Staal                                        40     1   2  2  

Penalty Kill 4 Players Forward 
   Center                   Wing                     Time % Phy DF OF 
 1 Nick Foligno             Patrick Kane             60     1   2  2  
 2 Henrik Sedin             Tyler Bozak              40     1   2  2  

Penalty Kill 4 Players Defense
   Defense                  Defense                  Time % Phy DF OF 
 1 Johnny Boychuk           Anton Stralman           60     1   2  2  
 2 James Wisniewski         Matthew Carle            40     1   2  2  

Penalty Kill - 3 Players Forward 
   Forward                                           Time % Phy DF OF 
 1 Nick Foligno                                      60     1   2  2  
 2 Patrick Kane                                      40     1   2  2  

Penalty Kill - 3 Players Defense
   Defense                  Defense                  Time % Phy DF OF 
 1 Johnny Boychuk           Anton Stralman           60     1   2  2  
 2 James Wisniewski         Matthew Carle            40     1   2  2  

4 vs 4 Forward 
   Center                   Wing                     Time % Phy DF OF 
 1 Nick Foligno             Patrick Kane             60     1   2  2  
 2 Henrik Sedin             Tyler Bozak              40     1   2  2  

4 vs 4 Defense
   Defense                  Defense                  Time % Phy DF OF 
 1 Johnny Boychuk           Anton Stralman           60     1   2  2  
 2 James Wisniewski         Matthew Carle            40     1   2  2  

Last Minutes Offensive
   Center                   Left Wing                Right Wing               Defense                  Defense                  
   Nick Foligno             Jonathan Huberdeau       Patrick Kane             Johnny Boychuk           Anton Stralman           

Last Minutes Defensive
   Center                   Left Wing                Right Wing               Defense                  Defense                  
   Nick Foligno             Jonathan Huberdeau       Patrick Kane             Johnny Boychuk           Anton Stralman           

Goaltenders
Starting : Jonathan Bernier         
Backup : Jhonas Enroth            

Extra Forwards
Normal : Antoine Vermette, Blake Comeau, Drew Miller - PP : Antoine Vermette, Blake Comeau - PK : Drew Miller
Extra Defensemen
Normal : Marc Staal, Johnny Boychuk, James Wisniewski - PP : Marc Staal - PK : Anton Stralman, James Wisniewski
Penalty Shots
Nick Foligno, Patrick Kane, Henrik Sedin, Tyler Bozak, Antoine Vermette

% Time on Ice - Avalanche

Lines # - Real PCT - Wanted PCT - Time Play
Normal Forward
1 - 26% - 35% - 10:47
2 - 27% - 30% - 11:18
3 - 18% - 22% - 7:32
4 - 29% - 13% - 11:50
Normal Defense
1 - 34% - 35% - 14:14
2 - 34% - 30% - 13:58
3 - 26% - 22% - 10:53
4 - 6% - 13% - 2:22
PP Forward
1 - 48% - 60% - 5:40
2 - 52% - 40% - 6:09
PP Defense
1 - 56% - 60% - 6:35
2 - 44% - 40% - 5:14
PK Forward
1 - 94% - 60% - 6:03
2 - 6% - 40% - 0:23
PK Defense
1 - 70% - 60% - 4:31
2 - 30% - 40% - 1:55
PK3 Forward
1 - 100% - 60% - 0:41
2 - 0% - 40% - 0:00
PK3 Defense
1 - 100% - 60% - 0:41
2 - 0% - 40% - 0:00
44 Forward
1 - 94% - 60% - 4:21
2 - 6% - 40% - 0:16
44 Defense
1 - 60% - 60% - 2:45
2 - 40% - 40% - 1:52
Last Minute Offensive  - 0:00
Last Minute Defensive  - 0:00
Total
Forward - 65:00
Defense - 65:00

% Time on Ice - Ducks

Lines # - Real PCT - Wanted PCT - Time Play
Normal Forward
1 - 25% - 36% - 10:10
2 - 32% - 30% - 13:20
3 - 14% - 21% - 5:56
4 - 29% - 13% - 12:01
Normal Defense
1 - 34% - 35% - 14:14
2 - 33% - 30% - 13:35
3 - 27% - 22% - 11:22
4 - 5% - 13% - 2:16
PP Forward
1 - 41% - 60% - 2:39
2 - 59% - 40% - 3:47
PP Defense
1 - 48% - 60% - 3:04
2 - 52% - 40% - 3:22
PK Forward
1 - 72% - 60% - 8:32
2 - 28% - 40% - 3:17
PK Defense
1 - 66% - 60% - 7:48
2 - 34% - 40% - 4:01
PK3 Forward
1 - 100% - 60% - 1:59
2 - 0% - 40% - 0:00
PK3 Defense
1 - 55% - 60% - 1:05
2 - 45% - 40% - 0:54
44 Forward
1 - 100% - 60% - 3:19
2 - 0% - 40% - 0:00
44 Defense
1 - 58% - 60% - 1:56
2 - 42% - 40% - 1:23
Last Minute Offensive  - 0:00
Last Minute Defensive  - 0:00
Total
Forward - 65:00
Defense - 65:00

Play by Play

1st period


0:01 of 1st period - Ryan O'Reilly wins face-off versus Henrik Sedin in neutral zone.
0:55 of 1st period - Brad Stuart is hit by Nikita Kucherov and loses puck.
1:00 of 1st period - Wrist shot by Jonathan Huberdeau.
1:00 of 1st period - Shot Blocked by Scott Hartnell.
1:02 of 1st period - Slapshot by James Wisniewski.
1:02 of 1st period - Stopped by Eddie Lack with a rebound.
1:04 of 1st period - Slapshot by Nikita Kucherov.
1:04 of 1st period - Shot Blocked by Brad Stuart.
1:16 of 1st period - Snap shot by Jonathan Huberdeau.
1:16 of 1st period - Shot Misses the Net.
1:18 of 1st period - Snap shot by Tyler Bozak.
1:18 of 1st period - Shot Blocked by Brad Stuart.
1:50 of 1st period - Backhand shot by Bobby Ryan.
1:50 of 1st period - Shot Blocked by Drew Miller.
2:10 of 1st period - Wrist shot by Bobby Ryan.
2:10 of 1st period - Stopped by Jonathan Bernier without a rebound.
2:11 of 1st period - Antoine Vermette wins face-off versus Rickard Rakell in Ducks zone.
3:08 of 1st period - Off-side.
3:09 of 1st period - Daniel Winnik wins face-off versus Tyler Bozak in neutral zone.
4:00 of 1st period - Snap shot by Mikkel Boedker.
4:00 of 1st period - Deflect By Anton Stralman.
4:00 of 1st period - Shot Misses the Net.
4:00 of 1st period - Puck is out of play.
4:01 of 1st period - Mark Scheifele wins face-off versus Jean-Gabriel Pageau in Ducks zone.
4:24 of 1st period - Snap shot by James Wisniewski.
4:24 of 1st period - Shot Misses the Net.
4:26 of 1st period - Slapshot by Jean-Gabriel Pageau.
4:26 of 1st period - Shot Misses the Net.
4:28 of 1st period - Slapshot by Marc Staal.
4:28 of 1st period - Deflect By Brad Stuart.
4:28 of 1st period - Stopped by Eddie Lack with a rebound.
4:30 of 1st period - Wrist shot by Drew Miller.
4:30 of 1st period - Stopped by Eddie Lack with a rebound.
4:50 of 1st period - Henrik Sedin is hit by Valeri Nichushkin and loses puck.
5:15 of 1st period - Snap shot by Valeri Nichushkin.
5:15 of 1st period - Stopped by Jonathan Bernier with a rebound.
5:37 of 1st period - Backhand shot by Joffrey Lupul.
5:37 of 1st period - Stopped by Jonathan Bernier with a rebound.
5:53 of 1st period - Minor Penalty to Joffrey Lupul for High sticking.
5:54 of 1st period - Nikita Kucherov wins face-off versus Scott Hartnell in Avalanche zone.
6:04 of 1st period - Snap shot by Jonathan Huberdeau.
6:04 of 1st period - Stopped by Eddie Lack with a rebound.
6:06 of 1st period - Snap shot by Tyler Bozak.
6:06 of 1st period - Stopped by Eddie Lack with a rebound.
6:26 of 1st period - Henrik Sedin is hit by Jason Zucker and loses puck.
6:53 of 1st period - Brad Stuart is hit by Johnny Boychuk and loses puck.
7:18 of 1st period - Snap shot by Tyler Bozak.
7:18 of 1st period - Shot Misses the Net.
7:20 of 1st period - Wrist shot by Jonathan Huberdeau.
7:20 of 1st period - Shot Misses the Net.
7:42 of 1st period - Snap shot by Tyler Bozak.
7:42 of 1st period - Goal by Tyler Bozak - Avalanche : 0 - Ducks : 1.
7:43 of 1st period - Jean-Gabriel Pageau wins face-off versus Mark Scheifele in neutral zone.
7:58 of 1st period - Slapshot by Jean-Gabriel Pageau.
7:58 of 1st period - Shot Misses the Net.
8:00 of 1st period - Snap shot by Drew Miller.
8:00 of 1st period - Shot Hit the Post.
8:02 of 1st period - Snap shot by Jean-Gabriel Pageau.
8:02 of 1st period - Shot Blocked by Dan Hamhuis.
8:04 of 1st period - Snap shot by Matthew Carle.
8:04 of 1st period - Shot Misses the Net.
8:06 of 1st period - Slapshot by Andrew MacWilliam.
8:06 of 1st period - Stopped by Eddie Lack with a rebound.
8:08 of 1st period - Snap shot by Andrew MacWilliam.
8:08 of 1st period - Shot Misses the Net.
8:10 of 1st period - Snap shot by Drew Miller.
8:10 of 1st period - Shot Blocked by Zach Redmond.
8:12 of 1st period - Slapshot by Andrew MacWilliam.
8:12 of 1st period - Deflect By Bobby Ryan.
8:12 of 1st period - Stopped by Eddie Lack with a rebound.
8:14 of 1st period - Slapshot by Matthew Carle.
8:14 of 1st period - Shot Misses the Net.
8:55 of 1st period - Jakub Kindl is hit by Andrew MacWilliam and loses puck.
11:27 of 1st period - Jonathan Huberdeau is hit by Jakub Kindl and loses puck.
11:34 of 1st period - Slapshot by Bobby Ryan.
11:34 of 1st period - Deflect By Mikkel Boedker.
11:34 of 1st period - Goal by Mikkel Boedker - Avalanche : 1 - Ducks : 1.
11:35 of 1st period - Jean-Gabriel Pageau wins face-off versus Rickard Rakell in neutral zone.
11:50 of 1st period - Snap shot by Valeri Nichushkin.
11:50 of 1st period - Shot Blocked by Johnny Boychuk.
11:56 of 1st period - Slapshot by Rickard Rakell.
11:56 of 1st period - Deflect By Matt Moulson.
11:56 of 1st period - Stopped by Jonathan Bernier with a rebound.
12:07 of 1st period - Minor Penalty to Anton Stralman for Delaying the game.
12:08 of 1st period - Nick Foligno wins face-off versus Mark Scheifele in Ducks zone.
12:36 of 1st period - Slapshot by Jason Zucker.
12:36 of 1st period - Stopped by Jonathan Bernier with a rebound.
12:38 of 1st period - Wrist shot by Mark Scheifele.
12:38 of 1st period - Shot Misses the Net.
12:40 of 1st period - Wrist shot by Joffrey Lupul.
12:40 of 1st period - Shot Misses the Net.
12:42 of 1st period - Slapshot by Jason Zucker.
12:42 of 1st period - Deflect By Mikkel Boedker.
12:42 of 1st period - Shot Misses the Net.
12:42 of 1st period - Puck is out of play.
12:43 of 1st period - Ryan O'Reilly wins face-off versus Drew Miller in Ducks zone.
13:36 of 1st period - Slapshot by Mikkel Boedker.
13:36 of 1st period - Shot Misses the Net.
13:38 of 1st period - Wrist shot by Joffrey Lupul.
13:38 of 1st period - Shot Misses the Net.
13:40 of 1st period - Wrist shot by Mark Scheifele.
13:40 of 1st period - Shot Misses the Net.
13:56 of 1st period - Slapshot by Jason Zucker.
13:56 of 1st period - Goal by Jason Zucker - Avalanche : 2 - Ducks : 1.
13:57 of 1st period - Tyler Bozak wins face-off versus Rickard Rakell in neutral zone.
14:00 of 1st period - Brad Stuart is hit by Nikita Kucherov.
14:04 of 1st period - Andrew MacWilliam is hit by Jakub Kindl and loses puck.
14:13 of 1st period - Snap shot by Tyler Bozak.
14:13 of 1st period - Shot Blocked by Brad Stuart.
14:23 of 1st period - Brad Stuart is hit by Jonathan Huberdeau and loses puck.
14:33 of 1st period - Slapshot by Matthew Carle.
14:33 of 1st period - Deflect By Tyler Bozak.
14:33 of 1st period - Shot Misses the Net.
14:33 of 1st period - Puck is out of play.
14:34 of 1st period - Jean-Gabriel Pageau wins face-off versus Ryan O'Reilly in Avalanche zone.
15:22 of 1st period - Minor Penalty to Blake Comeau for Hooking.
15:23 of 1st period - Nick Foligno wins face-off versus Mikkel Boedker in Ducks zone.
15:23 of 1st period - Nick Foligno is hit by Mikkel Boedker.
15:45 of 1st period - Slapshot by Mikkel Boedker.
15:45 of 1st period - Goal by Mikkel Boedker - Avalanche : 3 - Ducks : 1.
15:46 of 1st period - Jonathan Huberdeau wins face-off versus Daniel Winnik in neutral zone.
16:04 of 1st period - Minor Penalty to Jakub Kindl for Tripping.
16:05 of 1st period - Henrik Sedin wins face-off versus Ryan O'Reilly in Avalanche zone.
16:27 of 1st period - Slapshot by Henrik Sedin.
16:27 of 1st period - Stopped by Eddie Lack with a rebound.
16:37 of 1st period - Slapshot by Patrick Kane.
16:37 of 1st period - Stopped by Eddie Lack without a rebound.
16:38 of 1st period - Ryan O'Reilly wins face-off versus Tyler Bozak in Avalanche zone.
16:55 of 1st period - Snap shot by Tyler Bozak.
16:55 of 1st period - Stopped by Eddie Lack with a rebound.
16:57 of 1st period - Snap shot by James Wisniewski.
16:57 of 1st period - Shot Misses the Net.
16:59 of 1st period - Slapshot by Marc Staal.
16:59 of 1st period - Shot Blocked by Ryan O'Reilly.
17:01 of 1st period - Snap shot by Tyler Bozak.
17:01 of 1st period - Goal by Tyler Bozak - Avalanche : 3 - Ducks : 2.
17:02 of 1st period - Mark Scheifele wins face-off versus Henrik Sedin in neutral zone.
17:08 of 1st period - Minor Penalty to Nick Foligno for Hooking.
17:09 of 1st period - Drew Miller wins face-off versus Ryan O'Reilly in Ducks zone.
18:26 of 1st period - Matthew Carle is hit by Jakub Kindl and loses puck.
18:51 of 1st period - Matthew Carle is hit by Bobby Ryan and loses puck.
19:08 of 1st period - Penalty to Nick Foligno is over, Nick Foligno is back on ice.
19:08 of 1st period - Wrist shot by Mikkel Boedker.
19:08 of 1st period - Shot Blocked by Matthew Carle.
19:10 of 1st period - Slapshot by Brad Stuart.
19:10 of 1st period - Deflect By Nick Foligno.
19:10 of 1st period - Stopped by Jonathan Bernier without a rebound.
19:11 of 1st period - Tyler Bozak wins face-off versus Mark Scheifele in Ducks zone.
Goals for this period are 3 for Avalanche vs 2 for Ducks.
Shots for this period are 9 for Avalanche vs 12 for Ducks.

2nd period


0:01 of 2nd period - Henrik Sedin wins face-off versus Jason Zucker in neutral zone.
0:47 of 2nd period - Icing by Patrick Kane.
0:48 of 2nd period - Tyler Bozak wins face-off versus Mark Scheifele in Ducks zone.
1:20 of 2nd period - Wrist shot by Nikita Kucherov.
1:20 of 2nd period - Stopped by Eddie Lack with a rebound.
1:22 of 2nd period - Slapshot by Marc Staal.
1:22 of 2nd period - Stopped by Eddie Lack with a rebound.
1:43 of 2nd period - Snap shot by Jean-Gabriel Pageau.
1:43 of 2nd period - Shot Hit the Post.
1:45 of 2nd period - Backhand shot by Drew Miller.
1:45 of 2nd period - Shot Blocked by Mark Scheifele.
1:47 of 2nd period - Snap shot by Jean-Gabriel Pageau.
1:47 of 2nd period - Stopped by Eddie Lack without a rebound.
1:48 of 2nd period - Jean-Gabriel Pageau wins face-off versus Daniel Winnik in Avalanche zone.
2:10 of 2nd period - Minor Penalty to Brad Richardson for Tripping.
2:11 of 2nd period - Scott Hartnell wins face-off versus Nick Foligno in Ducks zone.
2:11 of 2nd period - Wrist shot by Ryan O'Reilly.
2:11 of 2nd period - Stopped by Jonathan Bernier with a rebound.
2:50 of 2nd period - Slapshot by Jason Zucker.
2:50 of 2nd period - Deflect By Mark Scheifele.
2:50 of 2nd period - Shot Misses the Net.
2:50 of 2nd period - Puck is out of play.
2:51 of 2nd period - Mark Scheifele wins face-off versus Henrik Sedin in Ducks zone.
3:02 of 2nd period - Wrist shot by Mikkel Boedker.
3:02 of 2nd period - Stopped by Jonathan Bernier with a rebound.
3:04 of 2nd period - Slapshot by Brad Stuart.
3:04 of 2nd period - Shot Blocked by Matthew Carle.
3:30 of 2nd period - Slapshot by Bobby Ryan.
3:30 of 2nd period - Stopped by Jonathan Bernier without a rebound.
3:31 of 2nd period - Ryan O'Reilly wins face-off versus Nick Foligno in Ducks zone.
4:10 of 2nd period - Penalty to Brad Richardson is over, Brad Richardson is back on ice.
4:28 of 2nd period - James Wisniewski is hit by Valeri Nichushkin and loses puck.
4:37 of 2nd period - Slapshot by Rickard Rakell.
4:37 of 2nd period - Stopped by Jonathan Bernier without a rebound.
4:38 of 2nd period - Nikita Kucherov wins face-off versus Joffrey Lupul in Ducks zone.
5:17 of 2nd period - Wrist shot by Valeri Nichushkin.
5:17 of 2nd period - Stopped by Jonathan Bernier with a rebound.
5:27 of 2nd period - Snap shot by Matt Moulson.
5:27 of 2nd period - Shot Blocked by Marc Staal.
5:29 of 2nd period - Slapshot by David Rundblad.
5:29 of 2nd period - Shot Misses the Net.
5:31 of 2nd period - Backhand shot by David Rundblad.
5:31 of 2nd period - Stopped by Jonathan Bernier with a rebound.
5:50 of 2nd period - Minor Penalty to Marc Staal for Interference.
5:51 of 2nd period - Ryan O'Reilly wins face-off versus Nick Foligno in Ducks zone.
6:42 of 2nd period - Johnny Boychuk is hit by Mikkel Boedker and loses puck.
6:55 of 2nd period - Mark Scheifele is hit by Anton Stralman and loses puck.
7:33 of 2nd period - Snap shot by Bobby Ryan.
7:33 of 2nd period - Shot Misses the Net.
7:35 of 2nd period - Slapshot by Jason Zucker.
7:35 of 2nd period - Stopped by Jonathan Bernier with a rebound.
7:50 of 2nd period - Penalty to Marc Staal is over, Marc Staal is back on ice.
7:51 of 2nd period - Matthew Carle is hit by Scott Hartnell and loses puck.
8:06 of 2nd period - Andrew MacWilliam is hit by Jason Zucker.
8:18 of 2nd period - Wrist shot by Jean-Gabriel Pageau.
8:18 of 2nd period - Shot Blocked by Valeri Nichushkin.
8:20 of 2nd period - Wrist shot by Drew Miller.
8:20 of 2nd period - Deflect By Jean-Gabriel Pageau.
8:20 of 2nd period - Shot Blocked by Jakub Kindl.
8:20 of 2nd period - Puck is out of play.
8:21 of 2nd period - Tyler Bozak wins face-off versus Rickard Rakell in Avalanche zone.
8:22 of 2nd period - Snap shot by Jonathan Huberdeau.
8:22 of 2nd period - Stopped by Eddie Lack with a rebound.
8:28 of 2nd period - Anton Stralman is hit by Dan Hamhuis and loses puck.
9:29 of 2nd period - Andrew MacWilliam is hit by Daniel Winnik and loses puck.
10:43 of 2nd period - Brad Stuart is hit by James Wisniewski.
11:07 of 2nd period - Brad Stuart is hit by Jonathan Huberdeau and loses puck.
11:20 of 2nd period - Wrist shot by Joffrey Lupul.
11:20 of 2nd period - Shot Misses the Net.
12:31 of 2nd period - Slapshot by Jean-Gabriel Pageau.
12:31 of 2nd period - Shot Misses the Net.
12:33 of 2nd period - Wrist shot by Drew Miller.
12:33 of 2nd period - Shot Blocked by Brad Stuart.
12:35 of 2nd period - Snap shot by Matthew Carle.
12:35 of 2nd period - Stopped by Eddie Lack without a rebound.
12:36 of 2nd period - Jean-Gabriel Pageau wins face-off versus Matt Moulson in Avalanche zone.
13:04 of 2nd period - Ryan O'Reilly is hit by Andrew MacWilliam and loses puck.
13:17 of 2nd period - Jonathan Huberdeau is hit by Scott Hartnell and loses puck.
13:32 of 2nd period - Joffrey Lupul is hit by Nikita Kucherov and loses puck.
13:45 of 2nd period - Wrist shot by Jean-Gabriel Pageau.
13:45 of 2nd period - Shot Blocked by Jason Zucker.
13:51 of 2nd period - Slapshot by Jean-Gabriel Pageau.
13:51 of 2nd period - Stopped by Eddie Lack without a rebound.
13:52 of 2nd period - Mark Scheifele wins face-off versus Jean-Gabriel Pageau in Avalanche zone.
14:21 of 2nd period - Brad Stuart is hit by Marc Staal and loses puck.
14:34 of 2nd period - Wrist shot by Rickard Rakell.
14:34 of 2nd period - Stopped by Jonathan Bernier without a rebound.
14:35 of 2nd period - Antoine Vermette wins face-off versus Rickard Rakell in Ducks zone.
15:08 of 2nd period - Wrist shot by Jason Zucker.
15:08 of 2nd period - Shot Misses the Net.
16:03 of 2nd period - Minor Penalty to Dan Hamhuis for Hooking.
16:04 of 2nd period - Henrik Sedin wins face-off versus Ryan O'Reilly in Avalanche zone.
16:12 of 2nd period - Backhand shot by Henrik Sedin.
16:12 of 2nd period - Stopped by Eddie Lack with a rebound.
16:14 of 2nd period - Snap shot by Nick Foligno.
16:14 of 2nd period - Shot Misses the Net.
16:42 of 2nd period - Wrist shot by Tyler Bozak.
16:42 of 2nd period - Shot Misses the Net.
16:44 of 2nd period - Slapshot by Anton Stralman.
16:44 of 2nd period - Goal by Anton Stralman - Avalanche : 3 - Ducks : 3.
16:45 of 2nd period - Jean-Gabriel Pageau wins face-off versus Mark Scheifele in neutral zone.
17:50 of 2nd period - Anton Stralman is hit by Rickard Rakell and loses puck.
19:33 of 2nd period - Slapshot by Rickard Rakell.
19:33 of 2nd period - Shot Blocked by Brad Richardson.
19:35 of 2nd period - Wrist shot by Matt Moulson.
19:35 of 2nd period - Shot Blocked by Brad Richardson.
Goals for this period are 0 for Avalanche vs 1 for Ducks.
Shots for this period are 8 for Avalanche vs 8 for Ducks.

3rd period


0:01 of 3rd period - Henrik Sedin wins face-off versus Ryan O'Reilly in neutral zone.
0:14 of 3rd period - Snap shot by Henrik Sedin.
0:14 of 3rd period - Shot Blocked by Jakub Kindl.
0:16 of 3rd period - Snap shot by Anton Stralman.
0:16 of 3rd period - Stopped by Eddie Lack without a rebound.
0:17 of 3rd period - Ryan O'Reilly wins face-off versus Henrik Sedin in Avalanche zone.
0:17 of 3rd period - Ryan O'Reilly is hit by Patrick Kane.
1:11 of 3rd period - Snap shot by Tyler Bozak.
1:11 of 3rd period - Shot Misses the Net.
1:13 of 3rd period - Slapshot by Marc Staal.
1:13 of 3rd period - Shot Misses the Net.
1:15 of 3rd period - Slapshot by Marc Staal.
1:15 of 3rd period - Stopped by Eddie Lack with a rebound.
1:51 of 3rd period - Snap shot by Jean-Gabriel Pageau.
1:51 of 3rd period - Shot Blocked by Jakub Kindl.
1:53 of 3rd period - Slapshot by James Wisniewski.
1:53 of 3rd period - Stopped by Eddie Lack without a rebound.
1:54 of 3rd period - Antoine Vermette wins face-off versus Mark Scheifele in Avalanche zone.
2:17 of 3rd period - Snap shot by Mikkel Boedker.
2:17 of 3rd period - Shot Blocked by Antoine Vermette.
2:19 of 3rd period - Snap shot by Zach Redmond.
2:19 of 3rd period - Shot Blocked by Nick Foligno.
2:21 of 3rd period - Slapshot by Mark Scheifele.
2:21 of 3rd period - Stopped by Jonathan Bernier with a rebound.
2:23 of 3rd period - Snap shot by Mikkel Boedker.
2:23 of 3rd period - Shot Misses the Net.
2:25 of 3rd period - Wrist shot by Zach Redmond.
2:25 of 3rd period - Shot Blocked by Antoine Vermette.
2:29 of 3rd period - Wrist shot by Mikkel Boedker.
2:29 of 3rd period - Stopped by Jonathan Bernier with a rebound.
2:55 of 3rd period - Slapshot by Anton Stralman.
2:55 of 3rd period - Shot Blocked by Matt Moulson.
2:57 of 3rd period - Wrist shot by Drew Miller.
2:57 of 3rd period - Stopped by Eddie Lack without a rebound.
2:58 of 3rd period - Tyler Bozak wins face-off versus Matt Moulson in Avalanche zone.
3:17 of 3rd period - Snap shot by Tyler Bozak.
3:17 of 3rd period - Shot Misses the Net.
3:19 of 3rd period - Slapshot by Anton Stralman.
3:19 of 3rd period - Stopped by Eddie Lack with a rebound.
3:21 of 3rd period - Slapshot by Johnny Boychuk.
3:21 of 3rd period - Shot Blocked by Matt Moulson.
3:33 of 3rd period - Snap shot by Tyler Bozak.
3:33 of 3rd period - Shot Blocked by Ladislav Smid.
3:35 of 3rd period - Slapshot by Johnny Boychuk.
3:35 of 3rd period - Stopped by Eddie Lack with a rebound.
3:57 of 3rd period - Snap shot by Mark Scheifele.
3:57 of 3rd period - Shot Blocked by Nick Foligno.
3:59 of 3rd period - Snap shot by Mark Scheifele.
3:59 of 3rd period - Shot Misses the Net.
4:01 of 3rd period - Slapshot by Brad Stuart.
4:01 of 3rd period - Deflect By Bobby Ryan.
4:01 of 3rd period - Shot Misses the Net.
4:01 of 3rd period - Puck is out of play.
4:02 of 3rd period - Mark Scheifele wins face-off versus Jean-Gabriel Pageau in Ducks zone.
4:03 of 3rd period - Snap shot by Mikkel Boedker.
4:03 of 3rd period - Shot Misses the Net.
4:05 of 3rd period - Slapshot by Jakub Kindl.
4:05 of 3rd period - Shot Blocked by Marc Staal.
5:14 of 3rd period - Slapshot by Patrick Kane.
5:14 of 3rd period - Stopped by Eddie Lack with a rebound.
5:16 of 3rd period - Snap shot by Nick Foligno.
5:16 of 3rd period - Shot Blocked by Zach Redmond.
7:04 of 3rd period - Matt Moulson is hit by James Wisniewski and loses puck.
7:29 of 3rd period - Brad Stuart is hit by Andrew MacWilliam and loses puck.
9:07 of 3rd period - Henrik Sedin is hit by Brad Stuart.
9:43 of 3rd period - Slapshot by Brad Richardson.
9:43 of 3rd period - Stopped by Eddie Lack with a rebound.
10:01 of 3rd period - Jakub Kindl is hit by Antoine Vermette and loses puck.
10:10 of 3rd period - Snap shot by Antoine Vermette.
10:10 of 3rd period - Stopped by Eddie Lack with a rebound.
10:12 of 3rd period - Backhand shot by James Wisniewski.
10:12 of 3rd period - Shot Blocked by Brad Stuart.
11:04 of 3rd period - Daniel Winnik is hit by Johnny Boychuk.
11:17 of 3rd period - Wrist shot by Joffrey Lupul.
11:17 of 3rd period - Shot Misses the Net.
11:23 of 3rd period - Minor Penalty to Anton Stralman for Holding.
11:24 of 3rd period - Mark Scheifele wins face-off versus Nick Foligno in Ducks zone.
11:33 of 3rd period - Snap shot by Mark Scheifele.
11:33 of 3rd period - Shot Misses the Net.
11:35 of 3rd period - Wrist shot by Clayton Stoner.
11:35 of 3rd period - Shot Blocked by Matthew Carle.
11:37 of 3rd period - Slapshot by Clayton Stoner.
11:37 of 3rd period - Deflect By Mikkel Boedker.
11:37 of 3rd period - Shot Misses the Net.
11:37 of 3rd period - Puck is out of play.
11:38 of 3rd period - Mark Scheifele wins face-off versus Nick Foligno in Ducks zone.
12:28 of 3rd period - Mark Scheifele is hit by James Wisniewski and loses puck.
13:08 of 3rd period - Drew Miller is hit by Rickard Rakell.
13:23 of 3rd period - Penalty to Anton Stralman is over, Anton Stralman is back on ice.
13:29 of 3rd period - Off-side.
13:30 of 3rd period - Tyler Bozak wins face-off versus Daniel Winnik in neutral zone.
14:02 of 3rd period - Snap shot by Nikita Kucherov.
14:02 of 3rd period - Stopped by Eddie Lack without a rebound.
14:03 of 3rd period - Antoine Vermette wins face-off versus Rickard Rakell in Avalanche zone.
14:16 of 3rd period - Minor Penalty to Antoine Vermette for Hooking.
14:17 of 3rd period - Nick Foligno wins face-off versus Ryan O'Reilly in Ducks zone.
15:41 of 3rd period - Anton Stralman is hit by Mark Scheifele and loses puck.
15:57 of 3rd period - Minor Penalty to Scott Hartnell for High sticking.
15:58 of 3rd period - Ryan O'Reilly wins face-off versus Nick Foligno in Avalanche zone.
16:07 of 3rd period - Jason Zucker is hit by Matthew Carle and loses puck.
16:16 of 3rd period - Penalty to Antoine Vermette is over, Antoine Vermette is back on ice.
17:01 of 3rd period - David Rundblad is hit by James Wisniewski and loses puck.
17:18 of 3rd period - Brad Stuart is hit by Marc Staal and loses puck.
17:31 of 3rd period - Johnny Boychuk is hit by Bobby Ryan and loses puck.
17:55 of 3rd period - Rickard Rakell is hit by James Wisniewski and loses puck.
17:56 of 3rd period - Rickard Rakell from Avalanche is injured at 17:56 of 3rd period (Sprained Left Finger).
17:57 of 3rd period - Ryan O'Reilly wins face-off versus Henrik Sedin in Avalanche zone.
17:57 of 3rd period - Ryan O'Reilly is hit by Nick Foligno.
18:17 of 3rd period - Snap shot by Scott Hartnell.
18:17 of 3rd period - Stopped by Jonathan Bernier with a rebound.
18:41 of 3rd period - Minor Penalty to Scott Hartnell for Hooking.
18:42 of 3rd period - Tyler Bozak wins face-off versus Ryan O'Reilly in Avalanche zone.
18:58 of 3rd period - Icing by Marc Staal.
18:59 of 3rd period - Ryan O'Reilly wins face-off versus Tyler Bozak in Ducks zone.
19:10 of 3rd period - Nikita Kucherov is hit by Jason Zucker and loses puck.
19:40 of 3rd period - Off-side.
19:41 of 3rd period - Ryan O'Reilly wins face-off versus Henrik Sedin in neutral zone.
Goals for this period are 0 for Avalanche vs 0 for Ducks.
Shots for this period are 3 for Avalanche vs 10 for Ducks.

Overtime #1


0:01 of 1st overtime period - Ryan O'Reilly wins face-off versus Patrick Kane in neutral zone.
0:03 of 1st overtime period - Off-side.
0:04 of 1st overtime period - Nick Foligno wins face-off versus Ryan O'Reilly in neutral zone.
0:21 of 1st overtime period - Snap shot by Nick Foligno.
0:21 of 1st overtime period - Shot Blocked by Ryan O'Reilly.
0:37 of 1st overtime period - Wrist shot by Ryan O'Reilly.
0:37 of 1st overtime period - Stopped by Jonathan Bernier with a rebound.
0:39 of 1st overtime period - Slapshot by Brad Stuart.
0:39 of 1st overtime period - Shot Blocked by Anton Stralman.
0:41 of 1st overtime period - Penalty to Scott Hartnell is over, Scott Hartnell is back on ice.
0:57 of 1st overtime period - Backhand shot by Scott Hartnell.
0:57 of 1st overtime period - Stopped by Jonathan Bernier with a rebound.
0:59 of 1st overtime period - Snap shot by Scott Hartnell.
0:59 of 1st overtime period - Stopped by Jonathan Bernier with a rebound.
1:05 of 1st overtime period - Minor Penalty to Nick Foligno for Hooking.
1:06 of 1st overtime period - Ryan O'Reilly wins face-off versus Drew Miller in Ducks zone.
1:47 of 1st overtime period - Drew Miller is hit by Ryan O'Reilly and loses puck.
2:06 of 1st overtime period - Wrist shot by Antoine Vermette.
2:06 of 1st overtime period - Shot Misses the Net.
2:08 of 1st overtime period - Slapshot by Johnny Boychuk.
2:08 of 1st overtime period - Shot Blocked by David Rundblad.
2:10 of 1st overtime period - Snap shot by Antoine Vermette.
2:10 of 1st overtime period - Shot Misses the Net.
2:17 of 1st overtime period - Slapshot by Anton Stralman.
2:17 of 1st overtime period - Shot Misses the Net.
2:19 of 1st overtime period - Slapshot by Johnny Boychuk.
2:19 of 1st overtime period - Deflect By Antoine Vermette.
2:19 of 1st overtime period - Stopped by Eddie Lack with a rebound.
2:21 of 1st overtime period - Slapshot by Antoine Vermette.
2:21 of 1st overtime period - Shot Misses the Net.
2:23 of 1st overtime period - Wrist shot by Antoine Vermette.
2:23 of 1st overtime period - Shot Misses the Net.
2:25 of 1st overtime period - Slapshot by Anton Stralman.
2:25 of 1st overtime period - Shot Misses the Net.
2:27 of 1st overtime period - Slapshot by Johnny Boychuk.
2:27 of 1st overtime period - Shot Misses the Net.
3:05 of 1st overtime period - Penalty to Nick Foligno is over, Nick Foligno is back on ice.
3:29 of 1st overtime period - Slapshot by Bobby Ryan.
3:29 of 1st overtime period - Stopped by Jonathan Bernier with a rebound.
3:31 of 1st overtime period - Slapshot by Ladislav Smid.
3:31 of 1st overtime period - Shot Misses the Net.
3:33 of 1st overtime period - Snap shot by Bobby Ryan.
3:33 of 1st overtime period - Shot Misses the Net.
3:35 of 1st overtime period - Snap shot by Bobby Ryan.
3:35 of 1st overtime period - Stopped by Jonathan Bernier without a rebound.
3:36 of 1st overtime period - Jason Zucker wins face-off versus Nick Foligno in Ducks zone.
3:37 of 1st overtime period - Slapshot by Bobby Ryan.
3:37 of 1st overtime period - Shot Blocked by Matthew Carle.
3:45 of 1st overtime period - Snap shot by Jason Zucker.
3:45 of 1st overtime period - Stopped by Jonathan Bernier with a rebound.
3:47 of 1st overtime period - Slapshot by David Rundblad.
3:47 of 1st overtime period - Stopped by Jonathan Bernier with a rebound.
3:49 of 1st overtime period - Slapshot by Ladislav Smid.
3:49 of 1st overtime period - Stopped by Jonathan Bernier without a rebound.
3:50 of 1st overtime period - Nick Foligno wins face-off versus Jason Zucker in Ducks zone.
3:59 of 1st overtime period - Wrist shot by Patrick Kane.
3:59 of 1st overtime period - Stopped by Eddie Lack without a rebound.
4:00 of 1st overtime period - Ryan O'Reilly wins face-off versus Nick Foligno in Avalanche zone.
4:00 of 1st overtime period - Ryan O'Reilly is hit by Patrick Kane.
4:59 of 1st overtime period - Snap shot by Jason Zucker.
4:59 of 1st overtime period - Deflect By Johnny Boychuk.
4:59 of 1st overtime period - Shot Misses the Net.
4:59 of 1st overtime period - Puck is out of play.
Goals for this period are 0 for Avalanche vs 0 for Ducks.
Shots for this period are 8 for Avalanche vs 2 for Ducks.

ShootOut


5:00 of 1st overtime period - Penalty Shot by Joffrey Lupul for Avalanche.
5:00 of 1st overtime period - Deke by Joffrey Lupul.
5:00 of 1st overtime period - Stopped by Jonathan Bernier.
5:00 of 1st overtime period - Penalty Shot by Nick Foligno for Ducks.
5:00 of 1st overtime period - Backhand shot by Nick Foligno.
5:00 of 1st overtime period - Stopped by Eddie Lack.
5:00 of 1st overtime period - Penalty Shot by Ryan O'Reilly for Avalanche.
5:00 of 1st overtime period - Deke by Ryan O'Reilly.
5:00 of 1st overtime period - Stopped by Jonathan Bernier.
5:00 of 1st overtime period - Penalty Shot by Patrick Kane for Ducks.
5:00 of 1st overtime period - Wrist shot by Patrick Kane.
5:00 of 1st overtime period - Stopped by Eddie Lack.
5:00 of 1st overtime period - Penalty Shot by Mikkel Boedker for Avalanche.
5:00 of 1st overtime period - Snap shot by Mikkel Boedker.
5:00 of 1st overtime period - Stopped by Jonathan Bernier.
5:00 of 1st overtime period - Penalty Shot by Henrik Sedin for Ducks.
5:00 of 1st overtime period - Deke by Henrik Sedin.
5:00 of 1st overtime period - Shot Misses the Net.
5:00 of 1st overtime period - Penalty Shot by Matt Moulson for Avalanche.
5:00 of 1st overtime period - Backhand shot by Matt Moulson.
5:00 of 1st overtime period - Shot Misses the Net.
5:00 of 1st overtime period - Penalty Shot by Tyler Bozak for Ducks.
5:00 of 1st overtime period - Deke by Tyler Bozak.
5:00 of 1st overtime period - Shot Misses the Net.
5:00 of 1st overtime period - Penalty Shot by Bobby Ryan for Avalanche.
5:00 of 1st overtime period - Deke by Bobby Ryan.
5:00 of 1st overtime period - Stopped by Jonathan Bernier.
5:00 of 1st overtime period - Penalty Shot by Antoine Vermette for Ducks.
5:00 of 1st overtime period - Backhand shot by Antoine Vermette.
5:00 of 1st overtime period - Stopped by Eddie Lack.
5:00 of 1st overtime period - Penalty Shot by Valeri Nichushkin for Avalanche.
5:00 of 1st overtime period - Wrist shot by Valeri Nichushkin.
5:00 of 1st overtime period - Stopped by Jonathan Bernier.
5:00 of 1st overtime period - Penalty Shot by Nikita Kucherov for Ducks.
5:00 of 1st overtime period - Wrist shot by Nikita Kucherov.
5:00 of 1st overtime period - Stopped by Eddie Lack.
5:00 of 1st overtime period - Penalty Shot by Brad Stuart for Avalanche.
5:00 of 1st overtime period - Deke by Brad Stuart.
5:00 of 1st overtime period - Goal by Brad Stuart.
5:00 of 1st overtime period - Penalty Shot by Drew Miller for Ducks.
5:00 of 1st overtime period - Deke by Drew Miller.
5:00 of 1st overtime period - Shot Misses the Net.